 Dungeon Crawl Stone Soup version 0.14-a0-3491-gb7ac591 (webtiles) character file.

632848 Marwa the Conqueror (level 27, -25/290 HPs)
             Began as an Ogre Hunter on Mar 25, 2014.
             Was a High Priest of the Shining One.
             Annihilated by a titan (37 damage)
             ... created by the fury of Okawaru
             ... on Level 4 of the Crypt on Mar 26, 2014.
             The game lasted 11:09:17 (104939 turns).

Marwa the Conqueror (Ogre Hunter)                 Turns: 104939, Time: 11:09:18

HP -25/290       AC 36     Str 42      XL: 27
MP  41/41        EV 12     Int 12      God: the Shining One [*****.]
Gold 5338        SH  0     Dex 10      Spells:  0 memorised, 26 levels left

rFire  + . .     SeeInvis +     A - +0,+5 giant club "Skullcrusher" {speed, Str+5}
rCold  + . .     Clarity  .     q - +8 gold dragon armour
rNeg   + + +     Conserve .     (shield restricted)
rPois  +         rCorr    .     t - -1 hat {MR+}
rElec  .         rRot     .     y - +1 cloak of Stepsela {Str+3 Int+2 Dam+3}
SustAb . .       Spirit   .     (gloves unavailable)
rMut   .         Warding  +     (boots unavailable)
Saprov + . .     Stasis   .     w - macabre finger necklace {Ward}
MR     ++++.                    E - ring of the Slug {+Rage EV+6 Acc+3 Dam+5 SInv}
                                G - ring of positive energy
                                M - ring of protection from magic

@: glowing, incredibly resistant to hostile enchantments, extremely unstealthy
A: unfitting armour, fast metabolism 1, frail 1, saprovore 1, tough skin 1
a: Divine Shield, Cleansing Flame, Summon Divine Warrior, Renounce Religion,
Evoke Berserk Rage
}: 3/15 runes: serpentine, barnacled, silver


You were on level 4 of the Crypt.
You worshipped the Shining One.
The Shining One was extremely pleased with you.
You were hungry.

You visited 12 branches of the dungeon, and saw 59 of its levels.
You visited the Abyss 1 time.
You also visited: Wizlab.

You collected 7083 gold pieces.
You spent 1745 gold pieces at shops.

Inventory:

Hand weapons
 a - the +7,+2 giant spiked club of Okawaru's Whim {flame, rF-}
   (Okawaru gifted it to you on level 1 of the Snake Pit)

   It emits flame when wielded, causing extra injury to most foes and up to
   double damage against particularly susceptible opponents.
   It makes you vulnerable to fire.
 b - the +10,+4 giant spiked club of Pyromania {antimagic, Hunger}
   (Okawaru gifted it to you on level 1 of the Vaults)

   It disrupts the flow of magical energy around spellcasters and certain
   magical creatures (including the wielder).
   It speeds your metabolism.
 A - the +0,+5 giant club "Skullcrusher" (weapon) {speed, Str+5}
   (Okawaru gifted it to you on level 3 of the Realm of Zot)

   Attacks with this weapon are significantly faster.
   It affects your strength (+5).
 K - a +7,+8 giant spiked club of crushing
Missiles
 i - 25 javelins of penetration (quivered)
 r - 13 javelins of returning
Armour
 q - a +8 gold dragon armour (worn)
 t - a -1 hat of magic resistance (worn)
 y - the +1 cloak of Stepsela (worn) {Str+3 Int+2 Dam+3}
   (Okawaru gifted it to you on level 3 of the Snake Pit)

   It affects your strength (+3).
   It affects your intelligence (+2).
   It affects your damage with ranged weapons and melee attacks (+3).
Magical devices
 c - a wand of invisibility (4)
 e - a wand of disintegration (14)
 j - a wand of fire (2)
 o - a wand of teleportation (5)
 p - a wand of heal wounds (3)
 u - a wand of fireball (3)
 J - a wand of lightning (8)
 Q - a wand of digging (2)
 T - a wand of fire (11)
Comestibles
 k - 3 meat rations
 N - 2 chunks of human flesh
 Y - 5 bread rations
Scrolls
 f - 2 scrolls of magic mapping
 x - 2 scrolls of remove curse
 B - 2 scrolls of summoning
 D - a scroll of recharging
 H - a scroll of blinking
Jewellery
 l - an uncursed ring of flight
 s - a -2 ring of strength
 w - the macabre finger necklace (around neck) {Ward}
   (You took it off a deep elf mage on level 3 of the Elven Halls)

   [amulet of warding]
 C - an uncursed ring of fire
 E - the ring of the Slug (right hand) {+Rage EV+6 Acc+3 Dam+5 SInv}
   (You found it on level 14 of the Dungeon)

   [ring of evasion]

   It affects your evasion (+6).
   It affects your accuracy with ranged weapons and melee attacks (+3).
   It affects your damage with ranged weapons and melee attacks (+5).
   It enhances your eyesight.
   It lets you go berserk.
 G - a ring of positive energy (left hand)
 I - an uncursed amulet of clarity
 M - a ring of protection from magic (on amulet)
Potions
 g - 5 potions of heal wounds
 h - a potion of porridge
 v - 3 potions of curing
 z - a potion of beneficial mutation {unknown}
 F - 2 potions of berserk rage
 L - a potion of restore abilities {unknown}
Books
 n - a book of Changes

   Spells                             Type                      Level
   Beastly Appendage                  Transmutation                1
   Sticks to Snakes                   Transmutation                2
   Spider Form                        Transmutation/Poison         3
   Ice Form                           Ice/Transmutation            4
   Blade Hands                        Transmutation                5
Miscellaneous
 d - a sack of spiders
 m - a fan of gales
Rods
 P - a +8 rod of destruction (14/14)
   (You found it on level 3 of the Elven Halls)


   Skills:
 O Level 27 Fighting
 - Level 22.1 Maces & Flails
 - Level 7.9 Throwing
 * Level 24.8 Armour
 - Level 1.7 Dodging
 - Level 0.7 Stealth
 + Level 14.4 Invocations
 + Level 19.1 Evocations


You had 26 spell levels left.
You didn't know any spells.

Dungeon Overview and Level Annotations

Branches:
Dungeon (15/15)            Temple (1/1) D:6             Orc (4/4) D:11
    Elf (3/3) Orc:3          Lair (8/8) D:9          Shoals (5/5) Lair:6
  Snake (5/5) Lair:4        Slime (0/6) Lair:6       Vaults (5/5) D:13
  Blade (0/1) Vaults:4      Crypt (4/5) Vaults:2       Tomb (0/3) Crypt:2
   Hell (1/1)                 Dis (0/7) Hell            Geh (0/7) Hell
    Coc (0/7) Hell            Tar (0/7) Hell            Zot (3/5) Depths:5
 Depths (5/5) D:15

Altars:
Ashenzari
Cheibriados
Elyvilon
Fedhas
Makhleb
Nemelex Xobeh
Okawaru
Sif Muna
Trog
Vehumet
Yredelemnul
Zin
The Shining One
Beogh
Lugonu

Shops:
Orc:3 *   Orc:4 (![[?   Elf:1 (   Elf:3 (   Shoals:3 %[[   Shoals:5 :
Snake:2 (   Vaults:3 !   Vaults:5 [   Depths:1 *

Portals:
Hell: Depths:1 Depths:2 Depths:3 Depths:4 Depths:5
Abyss: Depths:4
Pandemonium: Depths:3
Ziggurat: Depths:5

Annotations:
Shoals:1 need flight


Innate Abilities, Weirdness & Mutations

You are too large for most types of armour.
You have a fast metabolism.
You can tolerate rotten meat.
You have tough skin (AC +1).
You are frail (-10% HP).


Message History

The bolt of lightning hits the titan.
You are feeling hungry.
You thump the titan!
The titan is heavily wounded.
You bludgeon the titan!!
The titan is severely wounded.
The titan gestures at you while chanting.
The bolt of lightning hits the titan.
The bolt of lightning hits you!
* * * LOW HITPOINT WARNING * * *
The bolt of lightning hits you!
* * * LOW HITPOINT WARNING * * *
Drink which item? (? for menu, Esc to quit)
You feel much better.
The titan waves its arms in wide circles.
The air twists around and strikes you!
* * * LOW HITPOINT WARNING * * *
You sock the titan!
The titan is almost dead.
The titan hits you!
You die...

# # # ### ##
#@###############.
##CC......^....##.
#C..............#
#..........)....#
##.............>##
##..............##
#..#########.####
#### ###


You could see 2 titans and a stone giant.

Vanquished Creatures
  Saint Roka (Shoals:4)
  Boris (Crypt:3)
  2 curse toes
  Norris (Elf:3)
  Mara (Snake:3)
  Geryon (Hell)
  9 golden dragons
  Jory (Crypt:2)
  An electric golem (Zot:3)
  8 bone dragons
  An Ice Fiend (Depths:4)
  Asterion (Elf:3)
  9 tentacled monstrosities
  12 titans
  5 deep elf master archers
  9 deep elf blademasters
  A kraken (Shoals:5)
  A quicksilver dragon (Depths:2)
  7 sphinxes
  12 storm dragons
  9 liches
  Rupert (Elf:3)
  5 ancient champions
  Agnes (Shoals:5)
  Frances (Shoals:4)
  3 shadow dragons
  3 revenants
  6 tengu reavers
  Roxanne (D:14)
  2 draconian monks
  Ilsuiw (Shoals:5)
  20 fire giants
  12 deep elf sorcerers
  Donald (Shoals:5)
  Wiglaf (Crypt:3)
  23 frost giants
  Maud (Lair:3)
  3 draconian scorchers
  6 emperor scorpions
  5 greater nagas (Snake:5)
  Aizul (Shoals:5)
  Louise (D:14)
  2 iron dragons
  13 vault wardens
  An octopode crusher (Depths:1)
  Gastronok (Orc:2)
  2 draconian zealots
  A balrug (Hell)
  2 draconian knights
  7 war gargoyles
  3 draconian annihilators
  8 draconian shifters
  35 stone giants
  A spriggan defender (Depths:4)
  3 reapers (Hell)
  8 deep elf demonologists
  3 grey draconians
  2 draconian callers
  11 vampire knights
  A lorocyproca (Elf:3)
  7 green draconians
  15 purple draconians
  2 white draconians (Depths:5)
  A salamander firebrand (Depths:4)
  6 mottled draconians
  4 red draconians
  6 pale draconians
  8 black draconians
  12 yellow draconians
  12 deep elf annihilators
  A blizzard demon (Hell)
  6 dire elephants
  37 vault guards
  2 minotaurs
  4 merfolk javelineers (Shoals:5)
  2 deep elf death magi (Elf:1)
  7 eidola
  3 sirens
  10 jiangshi
  10 merfolk impalers
  22 ogre magi
  Josephine (D:10)
  21 yaktaur captains
  3 death cobs
  18 ettins
  3 great orbs of eyes
  17 fire dragons
  Fannar (Lair:4)
  16 ice dragons
  19 ironheart preservers
  5 spriggan air magi
  7 deep elf high priests
  12 naga warriors
  Harold (D:10)
  A kraken zombie (Hell)
  Nessos (D:13)
  2 rakshasas
  5 hydras
  2 ravenous feature mimics
  2 alligator snapping turtles (Shoals:5)
  9 statues (WizLab)
  A dancing weapon (Vaults:4)
  2 spectral stone giants
  Erica (Lair:4)
  10 anacondas
  6 deep troll shamans
  A satyr (Shoals:4)
  8 merfolk aquamancers
  12 deep troll earth magi
  A large abomination (Elf:1)
  3 orc high priests (Orc:4)
  3 deep dwarf death knights (Crypt:2)
  6 spriggan berserkers
  4 tengu warriors
  2 plague shamblers
  4 vampire magi (Crypt:3)
  14 death yaks
  A shock serpent (shapeshifter) (Vaults:3)
  9 naga sharpshooters
  Urug (D:14)
  6 shock serpents
  A sun demon (Hell)
  15 centaur warriors
  3 spriggans (Depths:4)
  2 iron golems (Hell)
  Nergalle (D:11)
  A storm dragon zombie (Depths:4)
  6 hell knights
  5 soul eaters
  7 very ugly things
  4 salamander mystics
  26 skeletal warriors
  13 iron trolls
  6 shadow wraiths
  2 wizards
  4 catoblepae
  32 deep elf knights
  A titan skeleton (Crypt:2)
  10 deep elf summoners
  2 fire crabs (Vaults:3)
  30 deep trolls
  6 ice devils
  20 sea snakes
  A giant orange brain (shapeshifter) (Vaults:5)
  Erolcha (D:9)
  2 unseen horrors
  An orb spider (shapeshifter) (Depths:5)
  A giant orange brain (Depths:2)
  11 naga ritualists
  Pikel (D:9)
  6 flayed ghosts
  2 hill giants (shapeshifter)
  16 deep elf conjurers
  22 ironbrand convokers
  17 harpies
  11 necromancers
  5 water nymphs
  A wolf spider zombie (Crypt:2)
  13 manticores
  An oklob plant (D:13)
  13 orc knights
  3 wolf spiders
  2 frost giant zombies
  16 salamanders
  16 phantasmal warriors
  8 fauns
  3 flaming corpses
  8 hill giants
  3 stone giant zombies
  2 red wasps
  A salamander (shapeshifter) (Vaults:1)
  15 moths of wrath
  3 orc sorcerers (Orc:4)
  A hell beast (Depths:4)
  A sixfirhy (Orc:4)
  2 guardian serpents
  19 griffons
  49 black mambas
  13 mana vipers
  A spectral shock serpent (Depths:1)
  An elephant (shapeshifter) (Elf:3)
  23 elephants
  15 vault sentinels
  A titan simulacrum (Depths:4)
  A frost giant skeleton (Crypt:2)
  7 mermaids
  14 spiny frogs
  20 cyclopes
  2 drowned souls (Shoals:5)
  A molten gargoyle (Hell)
  An eye of devastation (shapeshifter) (Vaults:5)
  28 naga magi
  A queen ant (Lair:8)
  A smoke demon (Vaults:5)
  An orange demon (Elf:2)
  7 octopodes
  A gargoyle (D:13)
  Psyche (Orc:2)
  5 fire drakes
  A grey draconian zombie (Crypt:2)
  An alligator snapping turtle skeleton (Crypt:3)
  66 yaktaurs
  A dire elephant skeleton (Crypt:2)
  4 kobold demonologists
  A golden dragon simulacrum (Depths:4)
  2 storm dragon simulacra
  24 deep elf priests
  An iron troll zombie (Hell)
  2 trolls
  A mana viper zombie (Crypt:2)
  An elf (shapeshifter) (Elf:2)
  A grey draconian skeleton (Crypt:1)
  14 komodo dragons
  A sea snake skeleton (Crypt:2)
  9 freezing wraiths
  A demonic crawler (Depths:2)
  A pale draconian skeleton (Crypt:3)
  Grinder (D:3)
  The ghost of sohrabkorkchi the Chopper, an average LODK of Yredelemnul (D:4)
  2 hydra zombies (Hell)
  A red draconian skeleton (Crypt:2)
  3 silent spectres
  11 iron devils
  A troll (shapeshifter) (Vaults:3)
  2 tengu conjurers (Depths:2)
  3 giant fireflies (Depths:4)
  A jumping spider (Elf:2)
  A polar bear (Lair:7)
  A wind drake (Shoals:1)
  7 blue devils
  A catoblepas zombie (Crypt:4)
  6 boggarts
  36 merfolk
  An iron troll skeleton (Crypt:3)
  A fire dragon zombie (Hell)
  32 two-headed ogres
  A hydra skeleton (Hell)
  9 snapping turtles
  A fire vortex (Depths:4)
  2 basilisks (shapeshifter)
  38 slime creatures
  22 blink frogs
  A tarantella zombie (Crypt:4)
  9 boulder beetles
  6 ravens
  A stone giant simulacrum (Crypt:4)
  3 ettin zombies
  A harpy skeleton (Crypt:3)
  11 redbacks
  3 alligator skeletons (Hell)
  A blink frog (shapeshifter) (Vaults:1)
  A ynoxinul (Orc:4)
  A hill giant zombie (D:12)
  3 air elementals (Depths:5)
  4 shadows
  2 tarantellas
  A spriggan (shapeshifter) (Depths:4)
  3 basilisks
  2 fire dragon skeletons
  27 water elementals
  20 sharks
  4 flying skulls (Crypt:3)
  49 ugly things
  45 deep elf fighters
  58 deep elf magi
  A tarantella (shapeshifter) (Elf:3)
  7 vampires
  5 fire elementals (Hell)
  3 elephant slugs (Lair:8)
  30 yaks
  6 hungry ghosts
  Eustachio (D:6)
  3 fire bats (Lair:3)
  5 wyverns
  A giant leech zombie (Crypt:3)
  8 wraiths
  A hill giant skeleton (D:8)
  A chaos spawn (Orc:4)
  43 nagas
  A wolf (shapeshifter) (Vaults:5)
  11 vampire mosquitoes
  2 hogs (shapeshifter)
  12 hippogriffs
  A steam dragon (D:14)
  5 wargs
  A glowing shapeshifter zombie (Hell)
  5 wolves (Lair:6)
  A merfolk zombie (Crypt:3)
  A mottled dragon (Vaults:1)
  2 hell hounds (Hell)
  A deep dwarf zombie (Crypt:2)
  21 soldier ants
  An orb spider zombie (Crypt:1)
  30 orc warriors
  40 water moccasins
  A spiny frog zombie (Crypt:3)
  An ice dragon simulacrum (Crypt:4)
  An infernal demonspawn skeleton (Crypt:2)
  A deep troll skeleton (Crypt:4)
  5 sky beasts
  A spiny frog skeleton (Hell)
  A faun skeleton (Crypt:1)
  2 slaves (D:9)
  A black bear (D:10)
  9 giant goldfish
  78 ogres
  5 ice beasts
  14 porcupines
  A deep dwarf (shapeshifter) (Vaults:5)
  5 boring beetles
  A yellow wasp (D:13)
  An elephant zombie (Crypt:4)
  A phantom (D:12)
  A snapping turtle skeleton (Crypt:4)
  33 centaurs
  A mermaid skeleton (Crypt:2)
  2 crocodiles (shapeshifter)
  A human skeleton (Vaults:3)
  Sigmund (D:3)
  22 crocodiles
  Blork the orc (D:6)
  11 giant slugs
  A yaktaur zombie (Hell)
  A giant slug zombie (D:15)
  25 giant frogs
  2 scorpions
  8 wights
  A yak zombie (D:8)
  3 killer bees (D:13)
  21 electric eels
  An eye of draining (D:13)
  A troll skeleton (D:13)
  A yellow wasp zombie (D:10)
  4 goliath beetles
  6 crimson imps
  4 elf zombies
  4 big fish
  17 hounds
  2 two-headed ogre zombies (Vaults:4)
  7 jellies
  6 iguanas
  21 orc priests
  A quasit (D:8)
  2 giant frog skeletons
  A basilisk skeleton (Crypt:3)
  32 orc wizards
  3 elf skeletons
  6 iron imps (Depths:1)
  6 orange rats
  28 worker ants
  13 sheep
  A yellow wasp simulacrum (D:10)
  Ijyb (D:4)
  3 ogre skeletons
  3 ogre zombies
  2 sky beast zombies
  2 big kobold skeletons
  An elf simulacrum (D:10)
  A deep dwarf skeleton (Crypt:1)
  A naga skeleton (Crypt:4)
  A hound zombie (D:5)
  2 mummies (D:12)
  A scorpion zombie (D:11)
  78 green rats
  An orc skeleton (D:9)
  2 giant mites
  A steam dragon skeleton (Crypt:4)
  41 adders
  An inept item mimic (D:3)
  A white imp (Depths:2)
  A goliath beetle zombie (D:13)
  2 shadow imps
  2 ufetubi (Orc:4)
  2 worms
  An iguana skeleton (D:10)
  3 giant eyeballs
  9 giant geckos
  An ooze (D:2)
  178 orcs
  5 ball pythons
  7 giant cockroaches
  25 goblins
  20 hobgoblins
  17 jackals
  15 quokkas
  A ball python (shapeshifter) (Depths:4)
  33 bats
  A giant gecko skeleton (D:8)
  2 giant newts
  A giant spore (D:6)
  A hobgoblin skeleton (Crypt:1)
  14 kobolds
  2 kobold skeletons
  3 orc zombies
  40 rats
  A rat skeleton (D:7)
  A spectral orc (D:11)
  3 ballistomycetes (D:6)
  6 fungi
  14 plants
  8 tentacles
3148 creatures vanquished.

Vanquished Creatures (others)
  A draconian zealot (Zot:2)
  A ball lightning (Zot:2)
  A deep elf summoner (Elf:1)
  A cyclops (Shoals:1)
  3 drowned souls
  A yaktaur (Depths:4)
  A deep elf mage (WizLab)
  2 deep elf fighters
  2 hell hounds (Hell)
  2 ogres
  14 lost souls
  2 jellies (D:9)
  A wolf skeleton (Crypt:2)
  An orc priest (Orc:4)
  An orc wizard (Orc:4)
  A sheep (Lair:8)
  An orc (Orc:4)
  A quokka (D:9)
  8 fungi
  23 plants
  4 starspawn tentacles (Abyss:1)
  7 tentacles
  90 tentacle segments
169 creatures vanquished.

Grand Total: 3317 creatures vanquished

Notes
Turn   | Place    | Note
--------------------------------------------------------------
     0 | D:1      | Marwa, the Ogre Hunter, began the quest for the Orb.
     0 | D:1      | Reached XP level 1. HP: 22/22 MP: 1/1
   178 | D:3      | Noticed an orc wizard
   246 | D:2      | Reached XP level 2. HP: 3/29 MP: 2/2
   531 | D:3      | Killed an orc wizard
   531 | D:3      | Reached XP level 3. HP: 34/37 MP: 3/3
   561 | D:3      | Found a burning altar of Makhleb.
   691 | D:3      | Noticed Grinder
   699 | D:3      | Paralysed by Grinder for 2 turns
   704 | D:3      | Killed Grinder
   704 | D:3      | Reached skill level 5 in Maces & Flails
   704 | D:3      | Reached skill level 5 in Throwing
   704 | D:3      | Reached XP level 4. HP: 18/49 MP: 4/4
   704 | D:3      | Reached XP level 5. HP: 20/55 MP: 5/5
   704 | D:3      | Reached XP level 6. HP: 22/63 MP: 6/6
  1126 | D:4      | Reached skill level 6 in Maces & Flails
  1129 | D:4      | Found a blossoming altar of Fedhas.
  1132 | D:4      | Found a glowing silver altar of Zin.
  1219 | D:4      | Found a bloodstained altar of Trog.
  1219 | D:4      | Found a basalt altar of Yredelemnul.
  1220 | D:4      | Found a glowing golden altar of the Shining One.
  1287 | D:4      | Reached skill level 5 in Fighting
  1287 | D:4      | Reached XP level 7. HP: 45/72 MP: 7/7
  1619 | D:4      | Noticed sohrabkorkchi's ghost (average LODK)
  1624 | D:4      | Reached skill level 7 in Maces & Flails
  2013 | D:4      | Noticed Ijyb
  2032 | D:4      | Killed Ijyb
  2264 | D:4      | Killed sohrabkorkchi's ghost
  2264 | D:4      | Reached skill level 8 in Maces & Flails
  2483 | D:5      | Entered Level 5 of the Dungeon
  2530 | D:5      | Reached XP level 8. HP: 22/83 MP: 8/8
  2915 | D:5      | Reached skill level 9 in Maces & Flails
  4405 | D:5      | Reached skill level 10 in Maces & Flails
  4518 | D:6      | Reached XP level 9. HP: 81/93 MP: 9/9
  4735 | D:6      | Noticed Eustachio
  4737 | D:6      | Killed Eustachio
  4777 | D:6      | Identified the Reference Book on the Lethal Birds
  4930 | D:6      | Found a staircase to the Ecumenical Temple.
  4936 | Temple   | Entered the Ecumenical Temple
  4947 | Temple   | Became a worshipper of Warmaster Okawaru
  6452 | D:2      | Found a white marble altar of Elyvilon.
  6455 | D:2      | Noticed a big fish
  6956 | D:3      | Noticed Sigmund
  6957 | D:3      | Killed Sigmund
  6957 | D:3      | Reached skill level 11 in Maces & Flails
  7545 | D:6      | Noticed Blork the orc
  7553 | D:6      | Killed Blork the orc
  8120 | D:6      | HP: 2/96 [sky beast (5)]
  8121 | D:6      | Reached skill level 12 in Maces & Flails
  8840 | D:7      | Found a deep blue altar of Sif Muna.
  8840 | D:7      | Found a sparkling altar of Nemelex Xobeh.
  9376 | D:7      | Acquired Okawaru's first power
  9376 | D:7      | Reached skill level 13 in Maces & Flails
  9382 | D:7      | Found a radiant altar of Vehumet.
  9750 | D:8      | Found a deep blue altar of Sif Muna.
  9779 | D:8      | Reached XP level 10. HP: 54/104 MP: 10/10
 10057 | D:8      | Found a radiant altar of Vehumet.
 10248 | D:8      | Reached skill level 14 in Maces & Flails
 11104 | D:8      | Found a shattered altar of Ashenzari.
 11896 | D:8      | Found a snail-covered altar of Cheibriados.
 12000 | D:9      | Noticed Pikel
 12283 | D:9      | Killed Pikel
 12283 | D:9      | Reached skill level 15 in Maces & Flails
 13237 | D:9      | Noticed Erolcha
 13251 | D:9      | Found a staircase to the Lair.
 13254 | D:9      | Killed Erolcha
 13254 | D:9      | Reached skill level 16 in Maces & Flails
 13254 | D:9      | Reached skill level 1 in Invocations
 14180 | Lair:1   | Entered Level 1 of the Lair of Beasts
 14264 | Lair:1   | Reached XP level 11. HP: 80/115 MP: 13/15
 14682 | Lair:1   | HP: 5/115 [poisoned by a spiny frog]
 14689 | Lair:1   | HP: 4/115 [poisoned by a spiny frog]
 14696 | Lair:1   | HP: 4/115 [poisoned by a spiny frog]
 14704 | Lair:1   | HP: 5/115 [poisoned by a spiny frog]
 15274 | Lair:1   | Acquired Okawaru's second power
 15617 | Lair:1   | Reached skill level 17 in Maces & Flails
 16200 | Lair:1   | Reached skill level 10 in Fighting
 16718 | Lair:2   | Received a gift from Okawaru
 16868 | Lair:2   | Reached skill level 5 in Invocations
 17312 | Lair:2   | Found a glowing golden altar of the Shining One.
 17845 | Lair:2   | Reached skill level 18 in Maces & Flails
 18215 | Lair:3   | Reached XP level 12. HP: 128/128 MP: 21/21
 18230 | Lair:3   | Noticed Maud
 18253 | Lair:3   | Killed Maud
 19399 | Lair:3   | Noticed a six-headed hydra
 19607 | Lair:3   | Noticed a five-headed hydra
 19626 | Lair:3   | Received a gift from Okawaru
 20063 | Lair:3   | Killed a five-headed hydra
 20100 | Lair:4   | Noticed Erica
 20111 | Lair:4   | Killed Erica
 20111 | Lair:4   | Reached skill level 19 in Maces & Flails
 20147 | Lair:4   | Found a staircase to the Snake Pit.
 22264 | Lair:4   | Noticed Fannar
 22507 | Lair:4   | Killed Fannar
 22507 | Lair:4   | Reached XP level 13. HP: 117/140 MP: 23/25
 23178 | Lair:5   | Reached skill level 20 in Maces & Flails
 25202 | Lair:5   | Got a jewelled dire flail
 25203 | Lair:5   | Identified the +9,+6 dire flail of Terra Cotta {flame, Noisy +Blink +Rage rElec MR+} (You found it on level 5 of the Lair of Beasts)
 25748 | Lair:6   | Found a staircase to the Shoals.
 25884 | Lair:6   | Found a staircase to the Slime Pits.
 26655 | Lair:6   | Received a gift from Okawaru
 26966 | Lair:7   | Reached skill level 21 in Maces & Flails
 27053 | Lair:7   | HP: 7/144 [poisoned by a water moccasin]
 27061 | Lair:7   | HP: 5/144 [poisoned by a water moccasin]
 28076 | Lair:7   | Reached skill level 10 in Invocations
 28080 | Lair:7   | Reached XP level 14. HP: 73/154 MP: 26/27
 28705 | Lair:7   | Received a gift from Okawaru
 28706 | Lair:7   | Got a warped robe {god gift}
 28713 | Lair:7   | Identified the +2 robe of Mnaujoa {MR+ Dam+3} (Okawaru gifted it to you on level 7 of the Lair of Beasts)
 29642 | Lair:8   | Entered Level 8 of the Lair of Beasts
 31538 | Lair:8   | Reached skill level 22 in Maces & Flails
 32721 | Lair:8   | Reached skill level 1 in Armour
 33088 | Lair:8   | Received a gift from Okawaru
 33089 | Lair:8   | Got a steaming quarterstaff {god gift}
 33090 | Lair:8   | Identified the +8,+8 quarterstaff of the Spider {venom, +Inv rN+} (Okawaru gifted it to you on level 8 of the Lair of Beasts)
 33147 | Lair:8   | Reached skill level 15 in Fighting
 34015 | Lair:8   | Identified Poggufacw's Compendium of Combat Magic and Poison
 34427 | D:10     | Entered Level 10 of the Dungeon
 34684 | D:10     | Noticed Harold
 35063 | D:10     | Noticed Josephine
 35107 | D:10     | Killed Josephine
 35318 | D:10     | Killed Harold
 35752 | D:11     | Noticed Nergalle
 35760 | D:11     | Found a staircase to the Orcish Mines.
 35780 | D:11     | Killed Nergalle
 36144 | D:11     | Reached XP level 15. HP: 160/169 MP: 29/29
 36565 | Orc:1    | Entered Level 1 of the Orcish Mines
 36749 | Orc:1    | Found a roughly hewn altar of Beogh.
 36969 | Orc:2    | Noticed Gastronok
 36980 | Orc:2    | Killed Gastronok
 36980 | Orc:2    | Received a gift from Okawaru
 36981 | Orc:2    | Got an encrusted dire flail {god gift}
 37025 | Orc:2    | Identified the +7,+6 dire flail of Expedience {flame, +Inv rElec rC++} (Okawaru gifted it to you on level 2 of the Orcish Mines)
 38548 | Orc:4    | Entered Level 4 of the Orcish Mines
 38591 | Orc:3    | Found a staircase to the Elven Halls.
 38705 | Orc:3    | Found Shae's General Store.
 38712 | Orc:3    | Bought 2 scrolls of blinking for 225 gold pieces
 38712 | Orc:3    | Bought a potion of berserk rage for 45 gold pieces
 38778 | Orc:2    | Noticed Psyche
 38785 | Orc:2    | Killed Psyche
 38978 | Orc:2    | You fall through a shaft for 2 floors!
 39179 | Orc:4    | Found Phiubal's Antique Weapon Shoppe.
 39956 | Orc:4    | Reached skill level 5 in Armour
 41229 | Orc:4    | Found Ruulinat's Armour Boutique.
 41233 | Orc:4    | Found Arphiwal's Magic Scroll Emporium.
 41237 | Orc:4    | Found Waloqeur's Armour Emporium.
 41237 | Orc:4    | Found Giygepn's Distillery.
 41270 | Orc:4    | Bought a potion of brilliance for 27 gold pieces
 41270 | Orc:4    | Bought a potion of might for 27 gold pieces
 41270 | Orc:4    | Bought a potion of resistance for 77 gold pieces
 41270 | Orc:4    | Bought 2 potions of paralysis for 22 gold pieces
 43198 | D:13     | Received a gift from Okawaru
 43780 | D:13     | Identified a scroll of acquirement
 43939 | Orc:3    | Bought a scroll of enchant armour for 112 gold pieces
 44279 | D:13     | Found a snail-covered altar of Cheibriados.
 44389 | D:13     | Noticed Nessos
 44414 | D:13     | Killed Nessos
 44686 | D:13     | Received a gift from Okawaru
 44740 | D:13     | Found a gate to the Vaults.
 45051 | D:14     | Noticed Louise
 45084 | D:14     | Killed Louise
 45198 | D:14     | Noticed Urug
 45211 | D:14     | Killed Urug
 45229 | D:14     | Got a flickering marble ring
 45231 | D:14     | Identified the ring of the Slug {+Rage EV+6 Acc+3 Dam+5 SInv} (You found it on level 14 of the Dungeon)
 45439 | D:14     | Noticed Roxanne
 45728 | D:14     | Found a bloodstained altar of Trog.
 46477 | D:15     | Entered Level 15 of the Dungeon
 46709 | D:15     | Reached XP level 16. HP: 150/185 MP: 29/29
 46961 | D:15     | Reached skill level 1 in Evocations
 47481 | D:15     | Found a staircase to the Depths.
 47838 | Snake:1  | Entered Level 1 of the Snake Pit
 47926 | Snake:1  | Received a gift from Okawaru
 49851 | Snake:1  | Received a gift from Okawaru
 49852 | Snake:1  | Got a crystal giant spiked club {god gift}
 49853 | Snake:1  | Identified the +7,+2 giant spiked club of Okawaru's Whim {flame, rF-} (Okawaru gifted it to you on level 1 of the Snake Pit)
 50093 | Snake:2  | Found Mnuasatt's Weapon Shop.
 50944 | Snake:2  | Reached skill level 10 in Armour
 51560 | Snake:3  | Received a gift from Okawaru
 51567 | Snake:3  | Got a pitted cloak {god gift}
 51572 | Snake:3  | Identified the +1 cloak of Stepsela {Str+3 Int+2 Dam+3} (Okawaru gifted it to you on level 3 of the Snake Pit)
 52028 | Snake:3  | Reached skill level 5 in Evocations
 52092 | Snake:3  | Reached XP level 17. HP: 152/198 MP: 6/30
 52226 | Snake:3  | Noticed Mara
 52279 | Snake:3  | Noticed Marwa's illusion
 52280 | Snake:3  | Killed Mara
 52395 | Snake:3  | You fall through a shaft!
 53162 | Snake:4  | Received a gift from Okawaru
 53587 | Snake:5  | Entered Level 5 of the Snake Pit
 54081 | Snake:5  | Received a gift from Okawaru
 55138 | Snake:5  | Received a gift from Okawaru
 55139 | Snake:5  | Got a polished giant spiked club {god gift}
 55145 | Snake:5  | Identified the +4,-2 giant spiked club "Dragonslayer" {holy, *Tele rC+ MR+} (Okawaru gifted it to you on level 5 of the Snake Pit)
 55311 | Snake:5  | Reached XP level 18. HP: 203/210 MP: 31/31
 55369 | Snake:5  | Got a serpentine rune of Zot
 55707 | Snake:1  | Received a gift from Okawaru
 55908 | Shoals:1 | Entered Level 1 of the Shoals
 57986 | Shoals:3 | Found Enoeqed's Food Boutique.
 58021 | Shoals:3 | Found Twafoh's Armour Shoppe.
 58470 | Shoals:3 | Found Acwi's Antique Armour Emporium.
 58476 | Shoals:3 | Received a gift from Okawaru
 59236 | Shoals:4 | Noticed Frances
 59252 | Shoals:4 | Killed Frances
 59666 | Shoals:4 | Noticed Saint Roka
 59703 | Shoals:4 | Killed Saint Roka
 60028 | Shoals:5 | Entered Level 5 of the Shoals
 60193 | Shoals:5 | Reached XP level 19. HP: 222/222 MP: 32/32
 60233 | Shoals:5 | Got a flickering iron ring
 60235 | Shoals:5 | Identified the ring of Oceffen {Fire Str+2 Dex+3} (You found it on level 5 of the Shoals)
 60260 | Shoals:5 | Noticed Aizul
 60282 | Shoals:5 | Killed Aizul
 60304 | Shoals:5 | Received a gift from Okawaru
 60383 | Shoals:5 | Got a smoking giant club {god gift}
 60384 | Shoals:5 | Identified the +9,+5 giant club "Buxutakh" {crush, *Tele rC+} (Okawaru gifted it to you on level 5 of the Shoals)
 60542 | Shoals:5 | Got a barnacled rune of Zot
 60823 | Shoals:5 | Noticed Agnes
 60828 | Shoals:5 | Killed Agnes
 60829 | Shoals:5 | Noticed Donald
 60835 | Shoals:5 | Killed Donald
 60892 | Shoals:5 | Identified the Grimoire of the Soldier (You found it on level 5 of the Shoals)
 60934 | Shoals:5 | Found Usuvoemo's Book Boutique.
 61087 | Shoals:5 | Noticed Ilsuiw
 61106 | Shoals:5 | Reached skill level 10 in Evocations
 61124 | Shoals:5 | Killed Ilsuiw
 61142 | Shoals:5 | Received a gift from Okawaru
 63645 | Elf:1    | Entered Level 1 of the Elven Halls
 63703 | Elf:1    | Found Sma Grul's Weapon Boutique.
 63755 | Elf:1    | Received a gift from Okawaru
 63898 | Elf:1    | Reached skill level 15 in Armour
 65945 | Elf:2    | Reached XP level 20. HP: 236/236 MP: 32/32
 66436 | Elf:3    | Entered Level 3 of the Elven Halls
 66893 | Elf:3    | Found Psaun Thiess' Weapon Boutique.
 66976 | Elf:3    | Identified a +8 rod of destruction (14/14) (You found it on level 3 of the Elven Halls)
 67367 | Elf:3    | Received a gift from Okawaru
 67368 | Elf:3    | Got an iridescent executioner's axe {god gift}
 67369 | Elf:3    | Identified the +3,-2 executioner's axe of Hospitality {chop, Int-2} (Okawaru gifted it to you on level 3 of the Elven Halls)
 67715 | Elf:3    | Noticed Norris
 67760 | Elf:3    | Killed Norris
 68335 | Elf:3    | Received a gift from Okawaru
 68387 | Elf:3    | Noticed a Brimstone Fiend
 68524 | Elf:3    | Noticed Rupert
 68535 | Elf:3    | Killed Rupert
 68562 | Elf:3    | Noticed Asterion
 68575 | Elf:3    | Killed Asterion
 68606 | Elf:3    | Identified the Incunabulum of Vitriolic Battle Magic
 69519 | Vaults:1 | Entered Level 1 of the Vaults
 69538 | Vaults:1 | Reached XP level 21. HP: 227/247 MP: 34/34
 70343 | Vaults:1 | Received a gift from Okawaru
 70347 | Vaults:1 | Got a crude giant spiked club {god gift}
 70357 | Vaults:1 | Identified the +10,+4 giant spiked club of Pyromania {antimagic, Hunger} (Okawaru gifted it to you on level 1 of the Vaults)
 71198 | Vaults:2 | Reached skill level 23 in Fighting
 71657 | Vaults:2 | Found a staircase to the Crypt.
 71721 | Vaults:2 | Received a gift from Okawaru
 71808 | Vaults:2 | Got a heavily runed leather armour
 72198 | Vaults:2 | Received a gift from Okawaru
 73463 | Vaults:3 | Reached XP level 22. HP: 232/260 MP: 35/35
 73742 | Vaults:3 | Received a gift from Okawaru
 74437 | Vaults:3 | Found Ghef Ipn's Distillery.
 74443 | Vaults:3 | Bought a potion of haste for 154 gold pieces
 74443 | Vaults:3 | Bought a potion of haste for 154 gold pieces
 74664 | Vaults:4 | Found a staircase to the Hall of Blades.
 75105 | Vaults:4 | Received a gift from Okawaru
 75724 | Vaults:4 | Reached skill level 24 in Fighting
 76770 | Shoals:1 | Received a gift from Okawaru
 76780 | Shoals:1 | Got a polished dire flail {god gift}
 76781 | Shoals:1 | Identified the +9,+1 dire flail of Riyq {flame, rF+ MR+} (Okawaru gifted it to you on level 1 of the Shoals)
 77165 | Lair:3   | Killed a six-headed hydra
 77466 | D:14     | Killed Roxanne
 77468 | D:14     | Identified Roxanne's Guide on Ashen Moulding (You took it off Roxanne on level 14 of the Dungeon)
 77821 | Depths:1 | Entered Level 1 of the Depths
 78282 | Depths:1 | Reached XP level 23. HP: 271/271 MP: 36/36
 78308 | Depths:1 | Found a gateway to Hell.
 78325 | Hell     | Entered the Vestibule of Hell
 78337 | Hell     | Noticed Geryon
 78353 | Hell     | Killed Geryon
 78528 | Hell     | Found a gateway to the freezing wastes of Cocytus.
 78755 | Hell     | Found a gateway to the Iron City of Dis.
 79292 | Depths:1 | Received a gift from Okawaru
 79322 | Depths:1 | Found Roptuf's Pet Rocks.
 80624 | Hell     | Found a gateway to the decaying netherworld of Tartarus.
 80726 | Hell     | Found a gateway to the ashen valley of Gehenna.
 82449 | Depths:2 | Received a gift from Okawaru
 82622 | Depths:2 | Reached skill level 25 in Fighting
 82971 | Depths:2 | Identified the Reference Book on Transmutation and Clay
 83002 | Depths:2 | Reached XP level 24. HP: 233/286 MP: 37/37
 83776 | Depths:3 | Received a gift from Okawaru
 83824 | Depths:3 | Found a one-way gate leading to the halls of Pandemonium.
 83995 | Depths:3 | Reached skill level 15 in Evocations
 84523 | Depths:4 | Found a magical portal.
 84537 | WizLab   | Entered a wizard's laboratory
 85152 | WizLab   | Identified Iskenderun's Papyrus of Floating Conjuration
 85152 | WizLab   | Identified Iskenderun's Guide on Attacks
 85578 | Depths:4 | Received a gift from Okawaru
 85581 | Depths:4 | Cast into the Abyss (a distortion unwield)
 85613 | Depths:4 | Escaped the Abyss
 85895 | Depths:4 | Found a corrupted altar of Lugonu.
 85895 | Depths:4 | Found a one-way gate to the infinite horrors of the Abyss.
 86370 | Depths:4 | Received a gift from Okawaru
 86371 | Depths:4 | Got an iridescent bow {god gift}
 86451 | Depths:4 | Reached XP level 25. HP: 224/299 MP: 12/38
 86568 | Depths:4 | Reached skill level 26 in Fighting
 87204 | Depths:4 | Received a gift from Okawaru
 87846 | Depths:5 | Entered Level 5 of the Depths
 87846 | Depths:5 | Found a gateway to a ziggurat.
 88790 | Depths:5 | Received a gift from Okawaru
 89569 | Depths:5 | Found a gate to the Realm of Zot.
 90109 | Vaults:5 | Entered Level 5 of the Vaults
 90132 | Vaults:4 | Reached XP level 26. HP: 236/312 MP: 39/39
 90613 | Vaults:5 | Reached skill level 27 in Fighting
 90779 | Vaults:4 | Received a gift from Okawaru
 91532 | Vaults:5 | Got a twisted shield
 91540 | Vaults:5 | Identified the +3 shield "Plog" {Spirit} (You acquired it on level 5 of the Vaults)
 92080 | Vaults:5 | Received a gift from Okawaru
 93126 | Vaults:5 | Found Kheineid's Antique Armour Emporium.
 93194 | Vaults:5 | Got an ancient dire flail
 93195 | Vaults:5 | Identified the cursed +2,+3 dire flail of Dissatisfaction {crush, rF+ MR++ Int+3} (You found it on level 5 of the Vaults)
 93342 | Vaults:5 | Got a silver rune of Zot
 94241 | Zot:1    | Entered Level 1 of the Realm of Zot
 94340 | Zot:1    | Received a gift from Okawaru
 94533 | Zot:1    | Reached XP level 27. HP: 316/323 MP: 41/41
 95381 | Zot:1    | Received a gift from Okawaru
 95386 | Zot:1    | Got an ancient cloak {god gift}
 95390 | Zot:1    | Identified the +1 cloak of Ghifuzall {rElec} (Okawaru gifted it to you on level 1 of the Realm of Zot)
 97564 | Zot:3    | Noticed an orb of fire
 97565 | Zot:3    | Gained mutation: Your magical capacity is low (-10% MP). [an orb of fire]
 98985 | Zot:3    | Received a gift from Okawaru
 99165 | Zot:3    | Gained mutation: Your body is slowly deteriorating. [an orb of fire]
 99166 | Zot:3    | Gained mutation: You occasionally shout uncontrollably. [an orb of fire]
 99167 | Zot:3    | Gained mutation: Armour fits poorly on your strangely shaped body. [an orb of fire]
 99397 | Zot:3    | HP: 16/323 [green draconian monk (13)]
 99400 | Zot:3    | Gained mutation: Your magical capacity is very low (-20% MP). [an orb of fire]
 99405 | Zot:3    | Gained mutation: You are frail (-10% HP). [an orb of fire]
 99948 | Vaults:3 | Bought a potion of heal wounds for 66 gold pieces
 99948 | Vaults:3 | Bought a potion of heal wounds for 66 gold pieces
 99948 | Vaults:3 | Bought a potion of cure mutation for 770 gold pieces
 99949 | Vaults:3 | Lost mutation: You occasionally shout uncontrollably. [potion of cure mutation]
 99949 | Vaults:3 | Lost mutation: Your magical capacity is very low (-20% MP). [potion of cure mutation]
 99949 | Vaults:3 | Lost mutation: Your body is slowly deteriorating. [potion of cure mutation]
 99949 | Vaults:3 | Lost mutation: Your magical capacity is low (-10% MP). [potion of cure mutation]
 99949 | Vaults:3 | Lost mutation: Armour fits poorly on your strangely shaped body. [potion of cure mutation]
100264 | Lair:2   | Fell from the grace of Okawaru
100264 | Lair:2   | Became a worshipper of the Shining One
100580 | Crypt:1  | Entered Level 1 of the Crypt
101106 | Crypt:1  | Acquired the Shining One's first power
101243 | Crypt:2  | Noticed Jory
101253 | Crypt:2  | Killed Jory
101316 | Crypt:2  | Found a staircase to the Tomb.
101572 | Crypt:2  | Acquired the Shining One's second power
102100 | Crypt:3  | Noticed Boris
102123 | Crypt:3  | Killed Boris
102390 | Crypt:3  | Acquired the Shining One's third power
102732 | Crypt:3  | HP: 5/290 [deep elf master archer/arrow[the fury of Okawaru] (13)]
103809 | Crypt:4  | Noticed Wiglaf
103823 | Crypt:3  | Killed Wiglaf
103880 | Crypt:2  | HP: 11/290 [frost giant/bolt of cold[the fury of Okawaru] (14)]
104746 | Crypt:4  | Acquired the Shining One's fourth power
104937 | Crypt:4  | HP: 4/290 [titan/bolt of lightning[the fury of Okawaru] (44)]
104939 | Crypt:4  | Annihilated by a titan

Action                   |  1- 3 |  4- 6 |  7- 9 | 10-12 | 13-15 | 16-18 | 19-21 | 22-24 | 25-27 || total
-------------------------+-------+-------+-------+-------+-------+-------+-------+-------+-------++-------
Melee: Club              |    23 |    14 |       |       |       |       |       |       |       ||    37
       Flail             |       |    21 |   355 |   120 |       |       |       |       |       ||   496
       Giant spiked club |       |       |       |   363 |   116 |   781 |  1200 |  1513 |  1220 ||  5193
       Dire flail        |       |       |       |       |  1404 |   369 |       |       |       ||  1773
       Giant club        |       |       |       |       |       |       |       |       |   738 ||   738
 Fire: Blowgun           |       |       |       |    10 |    39 |       |       |       |       ||    49
Throw: Large rock        |    13 |     1 |    21 |    14 |    15 |     4 |       |       |       ||    68
       Dart              |    13 |    26 |   192 |   463 |   834 |       |       |       |       ||  1528
       Stone             |       |       |   112 |    29 |     6 |       |       |       |       ||   147
       Tomahawk          |       |       |       |    85 |    28 |     9 |       |       |       ||   122
       Throwing net      |       |       |       |     3 |       |       |       |       |       ||     3
       Javelin           |       |       |       |       |       |     6 |    30 |    13 |    16 ||    65
Invok: Finesse           |       |       |       |     1 |     3 |     1 |     2 |     1 |     1 ||     9
 Abil: Evoke Flight      |       |       |       |       |       |       |       |     5 |       ||     5
       Stop Flying       |       |       |       |       |       |       |       |     1 |       ||     1
Evoke: Wand              |       |       |     3 |     3 |    10 |     4 |     1 |     1 |    16 ||    38
  Use: Potion            |       |       |     3 |       |     1 |     3 |     1 |     3 |     3 ||    14
       Scroll            |       |       |       |    15 |    15 |    10 |     8 |    10 |    18 ||    76
 Stab: Sleeping          |       |       |       |     3 |    12 |       |       |       |       ||    15
       Distracted        |       |       |       |       |     2 |       |     2 |     1 |       ||     5
       Invisible         |       |       |       |       |     1 |       |       |       |       ||     1
